PBL
NEW JERSEY DEVILS @ WINDY CITY THUNDERBOLTS
10/04/2048
 
TOP OF THE 1ST
New Jersey Devils batting - Pitching for Windy City ThunderBolts : LHP Craig Courcha
Pitching: LHP Craig Courcha
Batting: SHB Ernesto Mazas 0-0: Swinging Strike
0-1: Foul Ball, location: 2F
0-2: Ground out 6-3 (Groundball, 6, EV 101.2 MPH)
Batting: RHB Jacob Olander 0-0: Called Strike
0-1: Foul Ball, location: 2F
0-2: Ball
1-2: Strikes out swinging
Batting: RHB Warren Carmichael 0-0: Called Strike
0-1: SINGLE (Line Drive, 8LS, EV 104.4 MPH)
Batting: LHB Randolph Brodbeck 0-0: Called Strike
0-1: Ball
1-1: Ball
2-1: Called Strike
2-2: Fly out, F9 (Flyball, 89D, EV 103.8 MPH)
Top of the 1st over - 0 runs, 1 hit, 0 errors, 1 left on base; New Jersey 0 - Windy City 0
BOTTOM OF THE 1ST
Windy City ThunderBolts batting - Pitching for New Jersey Devils : RHP Aaron Marcum
Pitching: RHP Aaron Marcum
Batting: RHB Donovan Deason 0-0: Ball
1-0: Called Strike
1-1: SINGLE (Groundball, 56D, EV 103.8 MPH)
Batting: RHB Eddie Dimas 0-0: Ball
Pickoff Throw to First - Error! E1
Donovan Deason to second
1-0: Fly out, F7 (Flyball, 78D, EV 101.9 MPH)
Batting: SHB Danny Gallegos 0-0: Ball
1-0: Ball
2-0: Foul Ball, location: 2F
2-1: Ball
3-1: Called Strike
3-2: Base on Balls
Batting: RHB Ricky Avila 0-0: Called Strike
0-1: Ball
1-1: Swinging Strike
1-2: Ball
2-2: Fly out, F8 (Flyball, 8RD, EV 97.5 MPH)
Batting: RHB Paul Holland 0-0: Ball
1-0: Called Strike
1-1: Ball
2-1: Ball
3-1: Called Strike
3-2: Foul Ball, location: 2F
3-2: Foul Ball, location: 2F
3-2: SINGLE (Groundball, 6MD, EV 99.4 MPH)
Donovan Deason to third
Danny Gallegos to second
Donovan Deason scores
Danny Gallegos to third
Batting: RHB Miguel Pacheco 0-0: Called Strike
0-1: Swinging Strike
0-2: Strikes out swinging
Bottom of the 1st over - 1 run, 2 hits, 1 error, 2 left on base; New Jersey 0 - Windy City 1
TOP OF THE 2ND
New Jersey Devils batting - Pitching for Windy City ThunderBolts : LHP Craig Courcha
Batting: RHB Craig Alvarado 0-0: Called Strike
0-1: Called Strike
0-2: Fly out, F8 (Flyball, 8RD, EV 91.2 MPH)
Batting: RHB Eric Zylstra 0-0: Called Strike
0-1: Ball
1-1: Foul Ball, location: 2F
1-2: Fly out, F8 (Flyball, 8RXD, EV 98.1 MPH)
Batting: RHB Sergio Andrada 0-0: Ball
1-0: Called Strike
1-1: Foul Ball, location: 2F
1-2: Ball
2-2: Strikes out swinging
Top of the 2nd over - 0 runs, 0 hits, 0 errors, 0 left on base; New Jersey 0 - Windy City 1
BOTTOM OF THE 2ND
Windy City ThunderBolts batting - Pitching for New Jersey Devils : RHP Aaron Marcum
Batting: RHB Dave Dominguez 0-0: SINGLE (Groundball, 56S, EV 66.2 MPH) (infield hit)
Batting: RHB Klaus Brown 0-0: Ball
1-0: Called Strike
1-1: Grounds into double play, 6-4-3 (Groundball, 56, EV 90.6 MPH)
Batting: RHB Sim Damit 0-0: Called Strike
0-1: Foul Ball, location: 2F
0-2: Ball
1-2: Ball
2-2: Strikes out swinging
Bottom of the 2nd over - 0 runs, 1 hit, 0 errors, 0 left on base; New Jersey 0 - Windy City 1
TOP OF THE 3RD
New Jersey Devils batting - Pitching for Windy City ThunderBolts : LHP Craig Courcha
Batting: LHB Matt Reynolds 0-0: Swinging Strike
0-1: Ball
1-1: DOUBLE (Line Drive, 8LD, EV 105.0 MPH)
Batting: RHB Brian Jones 0-0: Swinging Strike
0-1: Foul Ball, location: 2F
0-2: Ball
1-2: Strikes out swinging
Batting: SHB Ernesto Mazas 0-0: Called Strike
0-1: Called Strike
0-2: Ball
1-2: Strikes out swinging
Batting: RHB Jacob Olander 0-0: Ball
1-0: SINGLE (Line Drive, 78M, EV 100.0 MPH)
Matt Reynolds to third
Runner from 3rd tries for Home, SAFE, throw by LF to home
Batting: RHB Warren Carmichael 0-0: Ball
1-0: SINGLE (Groundball, 56D, EV 108.8 MPH)
Jacob Olander to second
Batting: LHB Randolph Brodbeck 0-0: SINGLE (Groundball, 4MD, EV 107.5 MPH)
Jacob Olander to third
Warren Carmichael to second
Batting: RHB Craig Alvarado 0-0: Foul Ball, location: 2F
0-1: Ball
1-1: Ball
2-1: Foul Ball, location: 2F
2-2: Ground out 5-3 (Groundball, 56S, EV 83.1 MPH)
Top of the 3rd over - 1 run, 4 hits, 0 errors, 3 left on base; New Jersey 1 - Windy City 1
BOTTOM OF THE 3RD
Windy City ThunderBolts batting - Pitching for New Jersey Devils : RHP Aaron Marcum
Batting: RHB Donovan Deason 0-0: Called Strike
0-1: Swinging Strike
0-2: Strikes out looking
Batting: RHB Eddie Dimas 0-0: Called Strike
0-1: Swinging Strike
0-2: Strikes out looking
Batting: SHB Danny Gallegos 0-0: Ball
1-0: Ball
2-0: Ground out U3 (Groundball, 3L, EV 105.6 MPH)
Bottom of the 3rd over - 0 runs, 0 hits, 0 errors, 0 left on base; New Jersey 1 - Windy City 1
TOP OF THE 4TH
New Jersey Devils batting - Pitching for Windy City ThunderBolts : LHP Craig Courcha
Batting: RHB Eric Zylstra 0-0: Called Strike
0-1: Ball
1-1: Ball
2-1: Ball
3-1: Foul Ball, location: 2F
3-2: Base on Balls
Pitching: RHP Max Carter
Batting: RHB Sergio Andrada 0-0: Ball
1-0: Grounds into double play, 6-4-3 (Groundball, 6, EV 107.5 MPH)
Batting: LHB Matt Reynolds 0-0: Ball
1-0: Swinging Strike
1-1: Ball
2-1: Fly out, F8 (Flyball, 8RD, EV 96.2 MPH)
Top of the 4th over - 0 runs, 0 hits, 0 errors, 0 left on base; New Jersey 1 - Windy City 1
BOTTOM OF THE 4TH
Windy City ThunderBolts batting - Pitching for New Jersey Devils : RHP Aaron Marcum
Batting: RHB Ricky Avila 0-0: Called Strike
0-1: Swinging Strike
0-2: Strikes out swinging
Batting: RHB Paul Holland 0-0: Called Strike
0-1: Foul Ball, location: 2F
0-2: Ground out 5-3 (Groundball, 56S, EV 80.0 MPH)
Batting: RHB Miguel Pacheco 0-0: Foul Ball, location: 2F
0-1: Ball
1-1: Swinging Strike
1-2: Ball
2-2: Foul Ball, location: 2F
2-2: Strikes out swinging
Bottom of the 4th over - 0 runs, 0 hits, 0 errors, 0 left on base; New Jersey 1 - Windy City 1
TOP OF THE 5TH
New Jersey Devils batting - Pitching for Windy City ThunderBolts : RHP Max Carter
Batting: RHB Brian Jones 0-0: Ball
1-0: Ball
2-0: Foul Ball, location: 2F
2-1: Foul Ball, location: 2F
2-2: Fly out, F1 (Line Drive, P, EV 70.6 MPH)
Batting: SHB Ernesto Mazas 0-0: Called Strike
0-1: Swinging Strike
0-2: Ball
1-2: Reached on error, E5 (Groundball, 5, EV 110.0 MPH)
Batting: RHB Jacob Olander 0-0: Ball
1-0: Foul Ball, location: 2F
1-1: Called Strike
1-2: Strikes out swinging
Batting: RHB Warren Carmichael 0-0: Called Strike
0-1: Called Strike
0-2: Ball
1-2: Ball
2-2: Ball
3-2: Strikes out swinging
Top of the 5th over - 0 runs, 0 hits, 1 error, 1 left on base; New Jersey 1 - Windy City 1
BOTTOM OF THE 5TH
Windy City ThunderBolts batting - Pitching for New Jersey Devils : RHP Aaron Marcum
Batting: RHB Dave Dominguez 0-0: SINGLE (Flyball, 4D, EV 90.0 MPH)
Batting: RHB Klaus Brown 0-0: Ball
1-0: Foul Ball, location: 2F
1-1: Called Strike
1-2: Foul Ball, location: 2F
1-2: Strikes out swinging
Batting: RHB Sim Damit 0-0: Foul Ball, location: 2F
0-1: Called Strike
0-2: Ball
1-2: Foul Ball, location: 2F
1-2: Foul Ball, location: 2F
1-2: Ball
2-2: Strikes out swinging
Batting: RHB Donovan Deason 0-0: Ball
1-0: Ball
2-0: Ball
3-0: Base on Balls
Dave Dominguez to second
Batting: RHB Eddie Dimas 0-0: Ball
1-0: Ball
2-0: Ball
3-0: Called Strike
3-1: Called Strike
3-2: Foul Ball, location: 2F
3-2: Base on Balls
Dave Dominguez to third
Donovan Deason to second
Batting: SHB Danny Gallegos 0-0: Ball
1-0: Ball
2-0: Ball
3-0: Base on Balls
Dave Dominguez scores
Donovan Deason to third
Eddie Dimas to second
Batting: RHB Ricky Avila 0-0: Ball
1-0: Ball
2-0: Swinging Strike
2-1: Fly out, F8 (Flyball, 8LD, EV 83.1 MPH)
Bottom of the 5th over - 1 run, 1 hit, 0 errors, 3 left on base; New Jersey 1 - Windy City 2
TOP OF THE 6TH
New Jersey Devils batting - Pitching for Windy City ThunderBolts : RHP Max Carter
Batting: LHB Randolph Brodbeck 0-0: Ground out 5-3 (Groundball, 56S, EV 83.1 MPH)
Batting: RHB Craig Alvarado 0-0: Ball
1-0: Ball
2-0: Swinging Strike
2-1: Ground out 3-1 (Groundball, 34, EV 101.9 MPH)
Batting: RHB Eric Zylstra 0-0: Foul Ball, location: 2F
0-1: Ball
1-1: Ball
2-1: Ball
3-1: Called Strike
3-2: Fly out, F7 (Flyball, 78D, EV 91.9 MPH)
Top of the 6th over - 0 runs, 0 hits, 0 errors, 0 left on base; New Jersey 1 - Windy City 2
BOTTOM OF THE 6TH
Windy City ThunderBolts batting - Pitching for New Jersey Devils : RHP Aaron Marcum
Batting: RHB Paul Holland 0-0: Called Strike
0-1: Ground out 6-3 (Groundball, 4M, EV 78.8 MPH)
Batting: RHB Miguel Pacheco 0-0: Ball
1-0: Called Strike
1-1: Ball
2-1: Ball
3-1: Base on Balls
Batting: RHB Dave Dominguez 0-0: Ball
1-0: Called Strike
1-1: Foul Ball, location: 2F
1-2: Ball
2-2: Strikes out swinging
Batting: RHB Klaus Brown 0-0: Ball
1-0: Ball
2-0: Called Strike
2-1: Ball
3-1: Base on Balls
Miguel Pacheco to second
Pitching: RHP Antonio Reyes
Batting: RHB Sim Damit 0-0: Called Strike
0-1: SINGLE (Groundball, 6MD, EV 99.4 MPH)
Miguel Pacheco to third
Klaus Brown to second
Runner from 3rd tries for Home, SAFE, throw by CF to home
Batting: RHB Donovan Deason 0-0: Foul Ball, location: 2F
0-1: Ball
1-1: Ball
2-1: Fly out, F9 (Flyball, 89D, EV 83.8 MPH)
Bottom of the 6th over - 1 run, 1 hit, 0 errors, 2 left on base; New Jersey 1 - Windy City 3
TOP OF THE 7TH
New Jersey Devils batting - Pitching for Windy City ThunderBolts : RHP Max Carter
Batting: RHB Sergio Andrada 0-0: Swinging Strike
0-1: Foul Ball, location: 2F
0-2: Ball
1-2: Ball
2-2: Strikes out swinging
Batting: LHB Matt Reynolds 0-0: Swinging Strike
0-1: Called Strike
0-2: Ball
1-2: Ball
2-2: SOLO HOME RUN (Flyball, 89XD, EV 98.8 MPH), Distance : 407 ft
Batting: RHB Brian Jones 0-0: Swinging Strike
0-1: Ball
1-1: Called Strike
1-2: Foul Ball, location: 2F
1-2: Foul Ball, location: 2F
1-2: Ground out 6-3 (Groundball, 6S, EV 85.0 MPH)
Batting: SHB Ernesto Mazas 0-0: Called Strike
0-1: Ball
1-1: Called Strike
1-2: Foul Ball, location: 2F
1-2: Ball
2-2: Foul Ball, location: 2F
2-2: SOLO HOME RUN (Flyball, 89XD, EV 101.2 MPH), Distance : 407 ft
Batting: RHB Jacob Olander 0-0: Ball
1-0: Called Strike
1-1: Called Strike
1-2: Fly out, F7 (Flyball, 7LM, EV 86.2 MPH)
Top of the 7th over - 2 runs, 2 hits, 0 errors, 0 left on base; New Jersey 3 - Windy City 3
BOTTOM OF THE 7TH
Windy City ThunderBolts batting - Pitching for New Jersey Devils : RHP Antonio Reyes
Batting: RHB Eddie Dimas 0-0: Called Strike
0-1: Ball
1-1: SINGLE (Line Drive, 7S, EV 86.9 MPH)
Batting: SHB Danny Gallegos 0-0: Swinging Strike
0-1: Swinging Strike
0-2: Ball
1-2: Foul Ball, location: 2F
1-2: Strikes out looking
Batting: RHB Ricky Avila 0-0: Ball
1-0: Ball
2-0: Foul Ball, location: 2F
2-1: Swinging Strike
2-2: Foul Ball, location: 2F
2-2: Ball
3-2: Foul Ball, location: 2F
3-2: Fly out, F8 (Flyball, 8LS, EV 93.8 MPH)
Batting: RHB Paul Holland 0-0: Ball
1-0: Ground out 1-3 (Groundball, 34S, EV 74.4 MPH)
Bottom of the 7th over - 0 runs, 1 hit, 0 errors, 1 left on base; New Jersey 3 - Windy City 3
TOP OF THE 8TH
New Jersey Devils batting - Pitching for Windy City ThunderBolts : RHP Max Carter
Pitching: RHP Mike Brungardt
Batting: RHB Warren Carmichael 0-0: Ball
1-0: Ball
2-0: Ball
3-0: Called Strike
3-1: Swinging Strike
3-2: Fly out, F8 (Flyball, 8RXD, EV 103.1 MPH)
Batting: LHB Randolph Brodbeck 0-0: SINGLE (Line Drive, 7LS, EV 93.1 MPH)
Batting: RHB Craig Alvarado 0-0: Called Strike
0-1: Ball
1-1: Ball
Randolph Brodbeck is caught stealing 2nd base 2-4
2-1: Fly out, F8 (Flyball, 8LM, EV 86.9 MPH)
Top of the 8th over - 0 runs, 1 hit, 0 errors, 0 left on base; New Jersey 3 - Windy City 3
BOTTOM OF THE 8TH
Windy City ThunderBolts batting - Pitching for New Jersey Devils : RHP Antonio Reyes
Batting: RHB Miguel Pacheco 0-0: Ball
1-0: Fly out, F8 (Flyball, 8LXD, EV 95.6 MPH)
Batting: RHB Dave Dominguez 0-0: Ball
1-0: Ball
2-0: Called Strike
2-1: Called Strike
2-2: Ball
3-2: Strikes out looking
Batting: RHB Klaus Brown 0-0: Ball
1-0: Ball
2-0: Ball
3-0: Called Strike
3-1: Base on Balls
Pinch Hitting: RHB Camillo Bonauiti 0-0: Ball
1-0: Called Strike
1-1: Ball
2-1: Foul Ball, location: 2F
2-2: Ground out 5-3 (Groundball, 56S, EV 78.1 MPH)
Bottom of the 8th over - 0 runs, 0 hits, 0 errors, 1 left on base; New Jersey 3 - Windy City 3
TOP OF THE 9TH
New Jersey Devils batting - Pitching for Windy City ThunderBolts : RHP Mike Brungardt
Now at 2B: Nhat Phong
Batting: RHB Eric Zylstra 0-0: Swinging Strike
0-1: Ball
1-1: Ball
2-1: Foul Ball, location: 2F
2-2: Foul Ball, location: 2F
2-2: Fly out, F4 (Popup, 23, EV 93.1 MPH)
Pinch Hitting: RHB Juan Medina 0-0: Ball
1-0: Foul Ball, location: 2F
1-1: Foul Ball, location: 2F
1-2: Strikes out swinging
Pinch Hitting: RHB John Carpenter 0-0: Ball
1-0: Called Strike
1-1: Foul Ball, location: 2F
1-2: Foul Ball, location: 2F
1-2: Foul Ball, location: 2F
1-2: Ball
2-2: Ground out 6-3 (Groundball, 6, EV 93.8 MPH)
Top of the 9th over - 0 runs, 0 hits, 0 errors, 0 left on base; New Jersey 3 - Windy City 3
BOTTOM OF THE 9TH
Windy City ThunderBolts batting - Pitching for New Jersey Devils : RHP Antonio Reyes
Now at 3B: Carlos Saldivar
Now in RF: Kyle Verkamp
Batting: RHB Donovan Deason 0-0: Fly out, F7 (Flyball, 7LD, EV 88.1 MPH)
Batting: RHB Eddie Dimas 0-0: Ball
1-0: Called Strike
1-1: Fly out, F9 (Flyball, 9D, EV 94.4 MPH)
Batting: SHB Danny Gallegos 0-0: Called Strike
0-1: Fly out, F8 (Flyball, 78M, EV 89.4 MPH)
Bottom of the 9th over - 0 runs, 0 hits, 0 errors, 0 left on base; New Jersey 3 - Windy City 3
TOP OF THE 10TH
New Jersey Devils batting - Pitching for Windy City ThunderBolts : RHP Mike Brungardt
Pitching: LHP Dave Fairn
Pinch Hitting: RHB Isaiah Heath 0-0: Ball
1-0: Foul Ball, location: 2F
1-1: Ball
2-1: Fly out, F7 (Flyball, 7, EV 91.2 MPH)
Batting: SHB Ernesto Mazas 0-0: Ball
1-0: Ball
2-0: Ball
3-0: Called Strike
3-1: Called Strike
3-2: Strikes out swinging
Batting: RHB Jacob Olander 0-0: Foul Ball, location: 2F
0-1: Called Strike
0-2: Strikes out swinging
Top of the 10th over - 0 runs, 0 hits, 0 errors, 0 left on base; New Jersey 3 - Windy City 3
BOTTOM OF THE 10TH
Windy City ThunderBolts batting - Pitching for New Jersey Devils : RHP Antonio Reyes
Pitching: RHP Mike Whitaker
Now at C: Rick Vallis
Batting: RHB Ricky Avila 0-0: Ground out 6-3 (Groundball, 6M, EV 86.2 MPH)
Batting: RHB Paul Holland 0-0: Ball
1-0: Ball
2-0: Ground out 5-3 (Groundball, 56S, EV 84.4 MPH)
Batting: RHB Miguel Pacheco 0-0: Called Strike
0-1: Foul Ball, location: 2F
0-2: Ball
1-2: Strikes out swinging
Bottom of the 10th over - 0 runs, 0 hits, 0 errors, 0 left on base; New Jersey 3 - Windy City 3
TOP OF THE 11TH
New Jersey Devils batting - Pitching for Windy City ThunderBolts : LHP Dave Fairn
Pitching: RHP Fred George
Batting: RHB Warren Carmichael 0-0: Ground out U3 (Groundball, 3L, EV 98.1 MPH)
Batting: LHB Randolph Brodbeck 0-0: Called Strike
0-1: Ball
1-1: Foul Ball, location: 2F
1-2: SINGLE (Flyball, 7LS, EV 82.5 MPH)
Batting: RHB Craig Alvarado 0-0: Called Strike
0-1: Ball
1-1: Ball
2-1: Foul Ball, location: 2F
2-2: Strikes out swinging
Randolph Brodbeck is caught stealing 2nd base 2-4
Batter strikes out.
Top of the 11th over - 0 runs, 1 hit, 0 errors, 0 left on base; New Jersey 3 - Windy City 3
BOTTOM OF THE 11TH
Windy City ThunderBolts batting - Pitching for New Jersey Devils : RHP Mike Whitaker
Batting: RHB Dave Dominguez 0-0: Ball
1-0: Ball
2-0: Foul Ball, location: 2F
2-1: Foul Ball, location: 2F
2-2: Foul Ball, location: 2F
2-2: Ball
3-2: Foul Ball, location: 2F
3-2: Strikes out swinging
Batting: RHB Klaus Brown 0-0: Ball
1-0: Foul Ball, location: 2F
1-1: Foul Ball, location: 2F
1-2: Strikes out swinging
Batting: RHB Nhat Phong 0-0: Called Strike
0-1: Called Strike
0-2: Strikes out looking
Bottom of the 11th over - 0 runs, 0 hits, 0 errors, 0 left on base; New Jersey 3 - Windy City 3
TOP OF THE 12TH
New Jersey Devils batting - Pitching for Windy City ThunderBolts : RHP Fred George
Batting: RHB Eric Zylstra 0-0: Swinging Strike
0-1: Foul Ball, location: 2F
0-2: Ball
1-2: Foul Ball, location: 2F
1-2: Ball
2-2: Foul Ball, location: 2F
2-2: Hit by Pitch
Batting: RHB Kyle Verkamp 0-0: Ball
1-0: Ball
2-0: Fly out, F8 (Flyball, 8LD, EV 93.1 MPH)
Runner from 1st tags up, OUT at 2nd! 8-4
Batting: RHB Carlos Saldivar 0-0: Ground out 5-3 (Groundball, 5L, EV 81.2 MPH)
Top of the 12th over - 0 runs, 0 hits, 0 errors, 0 left on base; New Jersey 3 - Windy City 3
BOTTOM OF THE 12TH
Windy City ThunderBolts batting - Pitching for New Jersey Devils : RHP Mike Whitaker
Batting: RHB Donovan Deason 0-0: Fly out, F9 (Flyball, 9, EV 83.8 MPH)
Batting: RHB Eddie Dimas 0-0: Ball
1-0: Called Strike
1-1: Ball
2-1: Foul Ball, location: 2F
2-2: Foul Ball, location: 2F
2-2: Strikes out looking
Batting: SHB Danny Gallegos 0-0: Ball
1-0: Ball
2-0: Called Strike
2-1: Foul Ball, location: 2F
2-2: Ball
3-2: Foul Ball, location: 2F
3-2: Foul Ball, location: 2F
3-2: Base on Balls
Batting: RHB Ricky Avila 0-0: Fly out, F4 (Line Drive, 4, EV 63.1 MPH)
Bottom of the 12th over - 0 runs, 0 hits, 0 errors, 1 left on base; New Jersey 3 - Windy City 3
TOP OF THE 13TH
New Jersey Devils batting - Pitching for Windy City ThunderBolts : RHP Fred George
Batting: LHB Rick Vallis 0-0: Ball
1-0: Called Strike
1-1: Foul Ball, location: 2F
1-2: Ball
2-2: Strikes out swinging
Batting: SHB Ernesto Mazas 0-0: Foul Ball, location: 2F
0-1: Ball
1-1: Ball
2-1: Fly out, F7 (Flyball, 7S, EV 82.5 MPH)
Batting: RHB Jacob Olander 0-0: Called Strike
0-1: Foul Ball, location: 2F
0-2: Strikes out swinging
Top of the 13th over - 0 runs, 0 hits, 0 errors, 0 left on base; New Jersey 3 - Windy City 3
BOTTOM OF THE 13TH
Windy City ThunderBolts batting - Pitching for New Jersey Devils : RHP Mike Whitaker
Pitching: RHP Ken Tayo
Batting: RHB Paul Holland 0-0: Ball
1-0: Called Strike
1-1: Foul Ball, location: 2F
1-2: Strikes out looking
Batting: RHB Miguel Pacheco 0-0: Foul Ball, location: 2F
0-1: Ball
1-1: Ball
2-1: Ground out 6-3 (Groundball, 6M, EV 99.4 MPH)
Batting: RHB Dave Dominguez 0-0: Called Strike
0-1: Ball
1-1: Ball
2-1: Ball
3-1: Foul Ball, location: 2F
3-2: Strikes out swinging
Bottom of the 13th over - 0 runs, 0 hits, 0 errors, 0 left on base; New Jersey 3 - Windy City 3
TOP OF THE 14TH
New Jersey Devils batting - Pitching for Windy City ThunderBolts : RHP Fred George
Pitching: RHP Ben Robertson
Batting: RHB Warren Carmichael 0-0: Ball
1-0: Fly out, F8 (Flyball, 8LD, EV 106.2 MPH)
Batting: LHB Randolph Brodbeck 0-0: Fly out, F8 (Flyball, 8RM, EV 89.4 MPH)
Batting: RHB Craig Alvarado 0-0: Swinging Strike
0-1: Ball
1-1: Foul Ball, location: 2F
1-2: Ball
2-2: Foul Ball, location: 2F
2-2: Ball
3-2: Strikes out swinging
Top of the 14th over - 0 runs, 0 hits, 0 errors, 0 left on base; New Jersey 3 - Windy City 3
BOTTOM OF THE 14TH
Windy City ThunderBolts batting - Pitching for New Jersey Devils : RHP Ken Tayo
Batting: RHB Klaus Brown 0-0: Ball
1-0: Ball
2-0: Foul Ball, location: 2F
2-1: Ball
3-1: Called Strike
3-2: Foul Ball, location: 2F
3-2: SINGLE (Flyball, 8LS, EV 96.9 MPH)
Batting: RHB Nhat Phong 0-0: Ball
1-0: Called Strike
1-1: SINGLE (Groundball, 6MD, EV 98.1 MPH)
Klaus Brown to second
Runner from 2nd tries for 3rd, SAFE, throw by CF made to third
Batting: RHB Donovan Deason 0-0: Ball
1-0: Ball
2-0: Ball
3-0: Called Strike
3-1: Called Strike
3-2: SINGLE (Groundball, 56, EV 97.5 MPH)
Klaus Brown scores
Bottom of the 14th over - 1 run, 3 hits, 0 errors, 1 left on base; New Jersey 3 - Windy City 4
Tuesday, March 28th , 2023 - OOTP Baseball 23.10 Build 110